 Dungeon Crawl Stone Soup version 0.32-a0-540-g866d13106e (webtiles) character file.

Game seed: 4538407708447466990

4230 ragingrage the Carver (level 10, -5/82 HPs)
             Began as a Green Draconian Delver on Feb 29, 2024.
             Was a Believer of Uskayaw.
             Slain by a two-headed ogre
             ... wielding a +0 giant spiked club
              (23 damage)
             ... on level 8 of the Dungeon.
             The game lasted 00:12:14 (8709 turns).

ragingrage the Carver (Green Draconian Delver)      Turns: 8709, Time: 00:12:15

Health: -5/82      AC: 10    Str: 15    XL:     10   Next: 9%
Magic:  13/13      EV: 14    Int: 10    God:    Uskayaw [**....]
Gold:   45         SH:  0    Dex: 17    Spells: 7/9 levels left

rFire   . . .        a - +1 rapier (venom)
rCold   . . .        (no shield)
rNeg    . . .        (body armour unavailable)
rPois   +            k - +0 hat
rElec   .            q - +0 cloak
rCorr   .            x - +0 pair of gloves
SInv    .            y - +0 pair of boots
Will    +....        r - amulet of regeneration
Stlth   +++          G - ring of willpower
HPRegen 1.13/turn    (no ring)
MPRegen 0.13/turn

%: no passive effects
@: no status effects
A: noxious breath, AC +7, unfitting armour, poison resistance, cold-blooded
a: Noxious Breath, Renounce Religion, Stomp, Line Pass


You were on level 8 of the Dungeon.
You worshipped Uskayaw.
Uskayaw was noncommittal.
You visited 2 branches of the dungeon, and saw 9 of its levels.

You collected 362 gold pieces.
You spent 317 gold pieces at shops.

Inventory:

Hand Weapons
 a - a +1 rapier of venom (weapon)
 b - a +0 orcbow
 m - a +2 antimagic short sword
 w - a +2 short sword of flaming
 C - a +0 scimitar of freezing
 E - a +3 dagger
 I - a +2 falchion
Missiles
 n - 9 poisoned darts (quivered)
Armour
 k - a +0 hat (worn)
 q - a +0 cloak (worn)
 x - a +0 pair of gloves (worn)
 y - a +0 pair of boots (worn)
Jewellery
 r - an amulet of regeneration (around neck)
 D - a ring of ice
 G - a ring of willpower (left hand)
Wands
 f - a wand of digging (3)
 F - a wand of mindburst (5)
 H - a wand of quicksilver (4)
Scrolls
 c - 7 scrolls of revelation
 d - a scroll of acquirement {unknown}
 g - a scroll of fog
 h - 8 scrolls of identify {unknown}
 i - a scroll of fear
 j - a scroll of teleportation {unknown}
 l - 3 scrolls of enchant armour {unknown}
 o - 3 scrolls of noise {unknown}
 p - a scroll of torment {unknown}
 B - a scroll of amnesia {unknown}
 J - a scroll of brand weapon {unknown}
 K - a scroll of blinking {unknown}
Potions
 e - a potion of haste
 s - a potion of ambrosia {unknown}
 t - 2 potions of might
 u - a potion of resistance {unknown}
 v - 2 potions of cancellation {unknown}
 z - 3 potions of curing
 A - 3 potions of attraction {unknown}
 L - a potion of mutation {unknown}


   Skills:
 + Level 5.6 Fighting
 - Level 8.5(10.2) Short Blades
 + Level 8.7(10.2) Long Blades
 + Level 4.1 Dodging
 - Level 4.5 Stealth
 + Level 4.3 Invocations
 + Level 3.9 Evocations


You had 7 spell levels left.
You knew the following spells:

 Your Spells              Type           Power      Damage    Failure   Level
a - Blink                 Tloc           0%         N/A       50%         2

Your spell library contained the following spells:

 Spells                   Type           Power      Damage    Failure   Level
 Lesser Beckoning         Tloc           0%         N/A       50%         2
 Momentum Strike          Conj/Tloc      0%         3d8       50%         2
 Gell's Gravitas          Tloc           0%         N/A       75%         3
 Teleport Other           Tloc           0%         N/A       75%         3
 Tukima's Dance           Hex            0%         N/A       75%         3
 Dimensional Bullseye     Hex/Tloc       0%         N/A       98%         4
 Iskenderun's Mystic Bla  Conj/Tloc      0%         2d3       98%         4
 Summon Forest            Summ/Tloc      0%         N/A       100%        5
 Summon Mana Viper        Hex/Summ       0%         N/A       100%        5
 Summon Cactus Giant      Summ           0%         N/A       100%        6


Dungeon Overview and Level Annotations

Branches:
Dungeon (8/15)             Temple (1/1) D:7
   Lair: D:8-11

Altars:
Ashenzari
Cheibriados
Dithmenos
Elyvilon
Fedhas
Gozag
Hepliaklqana
Kikubaaqudgha
Makhleb
Nemelex Xobeh
Okawaru
Qazlal
Sif Muna
Uskayaw
Vehumet
Wu Jian
Xom
Yredelemnul
Zin
The Shining One

Shops:
D:2 !   D:4 *[(

Annotations:
D:3 3 runed translucent doors, Lightli's ghost, amateur CoEE
D:4 3 runed translucent doors, grandjackal's ghost, amateur DsGl
D:7 Jeremiah
D:8 1 runed translucent door


Innate Abilities, Weirdness & Mutations

You can breathe blasts of noxious fumes.
Your lurid green scales are hard. (AC +7)
You cannot fit into any form of body armour.
Your system is resistant to poisons. (rPois)
You are cold-blooded and may be slowed by cold attacks.


Message History

The two-headed ogre hits you with a +0 giant spiked club.
The two-headed ogre hits you with a +0 giant club!
You barely miss the two-headed ogre.
You tail-slap the two-headed ogre, but do no damage.
You hit the two-headed ogre but do no damage.
The two-headed ogre looks as sick as possible!
You barely miss the two-headed ogre.
You tail-slap the two-headed ogre, but do no damage.
The two-headed ogre completely misses you.
The two-headed ogre closely misses you.
You barely miss the two-headed ogre. You barely miss the two-headed ogre.
The two-headed ogre barely misses you. x2
You hit the two-headed ogre but do no damage.
You tail-slap the two-headed ogre, but do no damage.
You hit the two-headed ogre.
The two-headed ogre looks as sick as possible!
The two-headed ogre misses you.
The two-headed ogre hits you but does no damage.
You hit the two-headed ogre but do no damage.
The two-headed ogre looks as sick as possible!
You tail-slap the two-headed ogre. You hit the two-headed ogre.
The two-headed ogre looks as sick as possible!
The two-headed ogre hits you with a +0 giant spiked club!!
The two-headed ogre misses you.
You hit the two-headed ogre.
The two-headed ogre looks as sick as possible!
Your tail-slap misses the two-headed ogre.
You can now pass through a line of other dancers.
You barely miss the two-headed ogre.
The two-headed ogre hits you with a +0 giant spiked club!!
* * * LOW HITPOINT WARNING * * *
The two-headed ogre closely misses you.
You hit the two-headed ogre but do no damage.
You hit the two-headed ogre.
The two-headed ogre looks as sick as possible!
Your tail-slap misses the two-headed ogre.
The two-headed ogre hits you with a +0 giant spiked club!!
You die...
Your body falls in perfect tune with the rhythm.

#.# #........ #.#
#........ ##.########
#..##...
#.........#######..##...
##....#........#........
#....#........#...#.###
#....+........#...#.#..
##..##...##...#...._...
#####@..# .##...#.#..
#.O..##..##...#....
#.....>.......####+
#..................
#....######...##...
##...# #...##... #...#
#...##### ..... #.... #
#....


You could see a two-headed ogre (extremely poisoned).

Vanquished Creatures
  A hornet (D:8)
  3 yaks (D:8)
  A wyvern (D:8)
  A steam dragon (D:8)
  Duvessa (D:5)
  3 orc warriors
  A sky beast (D:6)
  An ice beast (D:5)
  5 centaurs
  3 ogres
  A phantom (D:5)
  2 bullfrogs
  5 scorpions
  6 wights
  Dowan (D:5)
  3 killer bees (D:7)
  2 bombardier beetles
  3 jellies
  4 hounds
  2 sleepcaps
  2 gnoll boudas (D:7)
  6 orc priests
  An iguana (D:6)
  Terence (D:2)
  A human skeleton (D:8)
  8 orc wizards
  9 gnolls (D:7)
  9 adders
  A white imp (D:6)
  3 dart slugs
  3 ribbon worms
  28 orcs
  11 ball pythons
  10 endoplasms
  4 giant cockroaches
  7 goblins
  4 hobgoblins
  7 quokkas
  5 bats
  3 frilled lizards
  A goblin skeleton (D:8)
  11 kobolds
  4 rats
188 creatures vanquished.

Notes
Turn   | Place    | Note
-------+----------+-------------------------------------------
     0 | D:5      | ragingrage the Draconian Delver began the quest for the
                  | Orb.
     0 | D:5      | Reached XP level 1. HP: 19/19 MP: 1/1
     8 | D:5      | Noticed an ogre
    20 | D:6      | Noticed an orc wizard
    20 | D:6      | Noticed an orc wizard
    69 | D:7      | Noticed a gnoll bouda
    91 | D:6      | Noticed a hound
    95 | D:6      | Noticed a hound
    97 | D:6      | Noticed an iguana
   104 | D:7      | Found a staircase to the Ecumenical Temple.
   122 | D:7      | Killed a hound
   123 | D:7      | Reached XP level 2. HP: 4/26 MP: 2/2
   123 | D:7      | Reached XP level 3. HP: 5/31 MP: 3/3
   130 | Temple   | Entered the Ecumenical Temple
   235 | Temple   | Became a worshipper of Uskayaw the Reveller
   333 | D:7      | Reached * piety under Uskayaw
   338 | D:7      | Reached ** piety under Uskayaw
   435 | D:8      | Noticed a bullfrog
   585 | D:6      | Reached XP level 4. HP: 14/38 MP: 4/4
   933 | D:5      | Noticed Duvessa
   933 | D:5      | Noticed Dowan
   933 | D:5      | Noticed a bullfrog
   958 | D:6      | Noticed a scorpion
  1038 | D:6      | Learned a level 2 spell: Blink
  1103 | D:6      | Noticed a centaur
  1124 | D:6      | Killed a centaur
  1125 | D:6      | Reached skill level 5 in Long Blades
  1125 | D:6      | Reached XP level 5. HP: 20/45 MP: 5/5
  1355 | D:5      | Reached *** piety under Uskayaw
  1356 | D:5      | Killed an ogre
  1357 | D:5      | Reached XP level 6. HP: 29/51 MP: 6/6
  1588 | D:5      | Your scales start taking on a lurid green colour.
  1588 | D:5      | Reached XP level 7. HP: 19/57 MP: 7/7
  1588 | D:5      | Gained mutation: Your system is resistant to poisons.
                  | (rPois) [Green Draconian growth]
  1920 | D:5      | Killed Duvessa
  2033 | D:4      | Found Huomevuosm's Antique Weapon Boutique.
  2197 | D:4      | Found Gozag's Platinum Reserve.
  2197 | D:4      | Found an opulent altar of Gozag.
  2224 | D:4      | Reached skill level 1 in Short Blades
  2255 | D:4      | Found Juoc's Antique Armour Shop.
  2306 | D:3      | Found a radiant altar of Vehumet.
  2545 | D:3      | Found a runed translucent gate.
  2545 | D:3      | Found a runed translucent gate.
  2545 | D:3      | Found a runed translucent gate.
  2618 | D:3      | Found a stormy altar of Qazlal.
  3005 | D:1      | Found a faded altar of an unknown god.
  3630 | D:2      | Noticed Terence
  3634 | D:2      | Killed Terence
  3681 | D:2      | Found Dowkaimm's Distillery.
  3711 | D:2      | Bought a potion of berserk rage for 65 gold pieces
  3711 | D:2      | Bought a potion of might for 52 gold pieces
  3711 | D:2      | Bought a potion of curing for 39 gold pieces
  3971 | D:3      | Noticed Lightli's ghost (amateur CoEE)
  4466 | D:3      | Found a burning altar of Makhleb.
  5037 | D:4      | Reached XP level 8. HP: 63/63 MP: 8/8
  5069 | D:4      | Found a runed translucent gate.
  5069 | D:4      | Found a runed translucent gate.
  5069 | D:4      | Found a runed translucent gate.
  5074 | D:4      | Noticed grandjackal's ghost (amateur DsGl)
  5652 | D:5      | Reached skill level 5 in Short Blades
  5800 | D:5      | Killed Dowan
  6361 | D:5      | Found a hazy altar of Hepliaklqana.
  6361 | D:5      | Found a faded altar of an unknown god.
  6668 | D:6      | Reached **** piety under Uskayaw
  6676 | D:6      | Reached ***** piety under Uskayaw
  6791 | D:6      | Found an ornate altar of the Wu Jian Council.
  6897 | D:6      | Found a shimmering altar of Xom.
  7138 | D:6      | Reached XP level 9. HP: 70/70 MP: 9/9
  7454 | D:4      | Bought a runed rapier for 161 gold pieces
  7693 | D:7      | Reached skill level 1 in Invocations
  7693 | D:7      | Reached skill level 1 in Evocations
  7890 | D:7      | Noticed Jeremiah
  8150 | D:8      | Reached skill level 5 in Fighting
  8307 | D:8      | Reached XP level 10. HP: 51/81 MP: 13/13
  8534 | D:8      | Found a broken altar of Ashenzari.
  8654 | D:8      | Found a runed translucent door.
  8658 | D:8      | Found a basalt altar of Yredelemnul.
  8685 | D:8      | Noticed a two-headed ogre
  8709 | D:8      | Slain by a two-headed ogre

Illustrated notes

Levels and vault maps discovered:
D:1:      zelgadis_glass_arrival_small, layout_loops_corners,
          chequers_ecumenical_altar_simple_redux,
          hangedman_abyss_or_decor_lesser_grid
D:2:      layout_rooms, serial_shops, shop, uniq_terence
D:3:      layout_basic, nicolae_overflow_hidden_temple,
          mainiacjoe_overflow_large_starburst, gammafunk_ghost_split,
          minmay_fountain_box, chequers_serial_rivers_micro_b,
          grunt_ministairs_7, lexackson_kobold_supper, uniq_crazy_yiuf_cottage
D:4:      layout_basic, nicolae_gozag_zags_fifth_avenue,
          ebering_ghost_rock_garden, serial_corexii_hall,
          chequers_hall_statues_corner_a, corexii_hall_statues_i, serial_shops,
          nicolae_inconvenience_store,
          nicolae_shop_temple_entry_statues_fountains
D:5:      layout_basic, beargit_hepliaklqana_dungeon_heroes, uniq_duvessa
D:6:      layout_loops_corners, general_overflow_altar,
          mainiacjoe_overflow_tiny_flanked, kennysheep_generic_room_4
D:7:      layout_cave_pools, minmay_temple_entry_glass, uniq_jeremiah
D:8:      nicolae_whirlpool, layout_gridville, lemuel_crystal_altar,
          dk_yredelemnul_ordeal
Temple:   minmay_freezing_vapour_temple

Skill      XL: |  1  2  3  4  5  6  7  8  9 |
---------------+----------------------------+-----
Long Blades    | 3 4 5 6 7 8 |  8.7
Short Blades   | 3 8 |  8.5
Dodging        | 4 |  4.1
Invocations    | 4 |  4.3
Evocations     | 3 |  3.9
Fighting       | 5 |  5.6
Stealth        | |  4.5

Action                     |  1- 3 |  4- 6 |  7- 9 | 10-12 || total
---------------------------+-------+-------+-------+-------++-------
  Melee: Falchion          |    60 |    67 |    20 |       ||   147
         Tailslap          |     9 |     9 |   103 |    10 ||   131
         Dagger            |       |     1 |     8 |       ||     9
         Short sword       |       |       |   386 |       ||   386
         Rapier            |       |       |   128 |    51 ||   179
   Fire: Sling             |     9 |       |       |       ||     9
         Orcbow            |       |     9 |       |       ||     9
  Throw: Dart              |       |       |    18 |       ||    18
 Invoke: Stomp             |       |       |     2 |     1 ||     3
Ability: Noxious Breath    |       |       |     7 |       ||     7
    Use: Scroll            |     1 |       |       |       ||     1
         Potion            |       |       |     5 |       ||     5
   Stab: Sleeping          |       |     1 |    31 |       ||    32
         Paralysed         |       |     2 |    10 |       ||    12
         Confused          |       |       |    12 |       ||    12
 Armour: Skin              |    40 |    51 |   273 |    28 ||   392
  Dodge: Dodged            |    39 |    51 |   259 |    30 ||   379

Table legend: (Time is in decaauts)
 A = Elapsed time spent in this place.
 B = Non-inter-level travel time spent in this place.
 C = Inter-level travel time spent in this place.
 D = Time resting spent in this place.
 E = Time spent auto-exploring this place.
 F = Levels seen in this place.
 G = Mean time per level.
                   A        B        C        D        E       F      G
               +--------+--------+--------+--------+--------+-----+--------+
         Total |   8516 |   7770 |    746 |   1283 |   4582 |   9 |  946.2 |
       Dungeon |   8405 |   7659 |    746 |   1186 |   4582 |   8 | 1050.6 |
        Temple |    110 |    110 |      0 |     97 |      0 |   1 |  110.0 |
               +--------+--------+--------+--------+--------+-----+--------+

Top non-repeatable levels by time:
     D:5: 1846 daAuts
     D:6: 1624 daAuts
     D:3: 1274 daAuts
     D:4: 1035 daAuts
     D:1: 920 daAuts
     D:8: 706 daAuts
     D:7: 638 daAuts
     D:2: 360 daAuts
  Temple: 110 daAuts
